 Dungeon Crawl Stone Soup version 0.30.1-11-g7821555f0a (webtiles) character file.

Game seed: 2875945684038699111

800 Peloso the Slasher (level 7, -3/64 HPs)
             Began as a Minotaur Fighter on Nov 28, 2023.
             Was an Initiate of Okawaru.
             Slain by a gnoll sergeant
             ... wielding a +0 trident of freezing
              (10 damage)
             ... on level 5 of the Dungeon.
             The game lasted 00:07:37 (4358 turns).

Peloso the Slasher (Minotaur Fighter)               Turns: 4358, Time: 00:07:38

Health: -3/64      AC: 11    Str: 20    XL:     7   Next: 59%
Magic:  6/6        EV:  9    Int:  5    God:    Okawaru [......]
Gold:   146        SH:  5    Dex: 12    Spells: 6/6 levels left

rFire   . . .        a - +0 long sword
rCold   . . .        d - +0 buckler
rNeg    . . .        q - +1 chain mail
rPois   .            (helmet restricted)
rElec   .            (no cloak)
rCorr   +            (no gloves)
SInv    .            (no boots)
Will    .....        (no amulet) Stlth
                     j - ring of resist corrosion
HPRegen 0.30/turn    f - ring of flight
MPRegen 0.10/turn

%: no passive effects
@: flying
A: horns 2, retaliatory headbutt
a: Renounce Religion


You were on level 5 of the Dungeon.
You worshipped Okawaru.
Okawaru was noncommittal.
You visited 2 branches of the dungeon, and saw 6 of its levels.

You collected 146 gold pieces.

Inventory:

Hand Weapons
 a - a +0 long sword (weapon)
 b - the +8 short sword "Goju" {speed, *Slow rElec rPois rN++}
   (You found it on level 4 of the Dungeon)

   rElec:     It insulates you from electricity.
   rPois:     It protects you from poison.
   rN:        It greatly protects you from negative energy.
   *Slow:     It may slow you when you take damage.
 c - the +2 spear of the Turnip {freeze, *Corrode rElec Will+}
   (You found it on level 2 of the Dungeon)

   rElec:     It insulates you from electricity.
   *Corrode:  It may corrode you when you take damage.
   Will:      It increases your willpower.
Missiles
 r - 2 throwing nets (quivered)
Armour
 d - a +0 buckler (worn)
 q - a +1 chain mail (worn)
Jewellery
 f - a ring of flight (right hand)
 j - a ring of resist corrosion (left hand)
 n - a ring of see invisible
Wands
 k - a wand of charming (9)
Scrolls
 g - a scroll of identify
 v - 2 scrolls of enchant armour
 y - a scroll of amnesia {unknown}
Potions
 e - a potion of curing
 l - a potion of resistance
 m - 3 potions of brilliance {unknown}
 o - a potion of degeneration {unknown}
 p - a potion of might
 t - 2 potions of flight {unknown}
 w - a potion of mutation {unknown}


   Skills:
 + Level 6.8 Fighting
 + Level 7.5 Long Blades
 + Level 6.8 Armour
 + Level 4.2 Dodging
 + Level 3.2 Stealth
 + Level 6.2 Shields


You had 6 spell levels left.
You didn't know any spells.
Your spell library contained the following spells:

 Spells                   Type           Power      Damage    Failure   Level
 Sandblast                Erth           0%         2d4       99%         1
 Passwall                 Tmut/Erth      0%         N/A       99%         2
 Stone Arrow              Conj/Erth      0%         3d7       100%        3
 Passage of Golubria      Tloc           0%         N/A       100%        4
 Silence                  Hex/Air        0%         N/A       100%        5
 Lehudib's Crystal Spear  Conj/Erth      0%         10d2      100%        8
 Summon Small Mammal      Summ           Unusable   N/A       N/A         1
 Call Canine Familiar     Summ           Unusable   N/A       N/A         3
 Summon Guardian Golem    Hex/Summ       Unusable   N/A       N/A         3

Dungeon Overview and Level Annotations

Branches:
Dungeon (5/15)             Temple (1/1) D:4

Altars:
Cheibriados
Elyvilon
Hepliaklqana
Okawaru
Ru
Trog
Wu Jian

Shops:
D:1 =


Innate Abilities, Weirdness & Mutations

You have a pair of horns on your head.
You reflexively headbutt those who attack you in melee.


Message History

* * * LOW HITPOINT WARNING * * *
Unknown command.
You feel better. The gnoll hits you but does no damage.
The gnoll closely misses you. The gnoll sergeant closely misses you.
You hit the gnoll but do no damage. You headbutt the gnoll!
You kill the gnoll!
Okawaru accepts your kill. You block the gnoll sergeant's attack.
The gnoll hits you but does no damage.
Unknown command.
You barely miss the gnoll. The gnoll hits you with a +0 club.
* * * LOW HITPOINT WARNING * * *
The gnoll sergeant hits you but does no damage.
The gnoll barely misses you.
Unknown command.
You slash the gnoll! Your headbutt misses the gnoll.
The gnoll is heavily wounded.
You block the gnoll's attack. The gnoll sergeant closely misses you.
The gnoll hits you but does no damage.
You barely miss the gnoll.
The gnoll is heavily wounded.
The gnoll hits you but does no damage.
The gnoll sergeant hits you but does no damage.
The gnoll hits you but does no damage.
Unknown command.
You slash the gnoll!
You kill the gnoll!
Okawaru accepts your kill.
The gnoll sergeant hits you from afar with a +0 trident of freezing!
* * * LOW HITPOINT WARNING * * *
The gnoll sergeant freezes you.
* * * LOW HITPOINT WARNING * * *
The gnoll barely misses you. The gnoll attacks as you move away!
The gnoll barely misses you.
Things that are here:
a +0 whip; a gnoll corpse
Okay, then.
You hit the gnoll.
The gnoll is lightly wounded.
The gnoll sergeant hits you from afar with a +0 trident of freezing!
You die...

...........#..##....##..
...........#..##....####
..#####....#............
.. +...)#.........).. ..
#....#.........#.. .
#........#.....#..
#.......#......# .
#......#######....
#####...#g@....#..
#..gg#)....#..
#..........$..
#....#....+...
#....#######..
#....†.....# #
#####g.h..... '........
g#..?.....


You could see a gnoll sergeant and 2 gnolls.

Vanquished Creatures
  A bullfrog (D:5)
  4 scorpions (D:4)
  A howler monkey (D:5)
  2 orc priests
  A sleepcap (D:5)
  3 orc wizards
  10 adders
  7 gnolls
  4 worms
  2 dart slugs
  13 orcs
  9 ball pythons
  14 bats
  6 endoplasms
  6 giant cockroaches
  6 goblins
  6 hobgoblins
  8 kobolds
  A quokka (D:1)
  3 frilled lizards
  3 rats
110 creatures vanquished.

Notes
Turn   | Place    | Note
-------+----------+-------------------------------------------
     0 | D:1      | Peloso the Minotaur Fighter began the quest for the Orb.
     0 | D:1      | Reached XP level 1. HP: 19/19 MP: 0/0
    99 | D:1      | Found Bominoph's Jewellery Shoppe.
   121 | D:1      | Found a faded altar of an unknown god.
   284 | D:1      | Reached XP level 2. HP: 27/27 MP: 1/1
   924 | D:1      | Reached skill level 5 in Long Blades
   924 | D:1      | Reached skill level 5 in Armour
   924 | D:1      | Reached skill level 5 in Shields
   924 | D:1      | Reached XP level 3. HP: 37/37 MP: 2/2
  1067 | D:2      | Reached XP level 4. HP: 44/44 MP: 3/3
  2082 | D:2      | Identified the +2 spear of the Turnip {freeze, *Corrode
                  | rElec Will+}
  2297 | D:3      | Reached XP level 5. HP: 30/50 MP: 4/4
  2951 | D:3      | Found a snail-covered altar of Cheibriados.
  3473 | D:4      | Reached skill level 6 in Long Blades
  3483 | D:4      | Reached XP level 6. HP: 55/58 MP: 5/5
  3591 | D:4      | Found a sacrificial altar of Ru.
  3617 | D:4      | Identified the +8 short sword "Goju" {speed, *Slow rElec
                  | rPois rN++}
  3938 | D:4      | Reached XP level 7. HP: 40/64 MP: 6/6
  4050 | D:4      | Reached skill level 7 in Long Blades
  4103 | D:4      | Found a staircase to the Ecumenical Temple.
  4214 | Temple   | Entered the Ecumenical Temple
  4220 | Temple   | Became a worshipper of Warmaster Okawaru
  4256 | D:5      | Entered Level 5 of the Dungeon
  4358 | D:5      | Slain by a gnoll sergeant

Illustrated notes

Levels and vault maps discovered:
D:1:      nzn_arrival_settlement, layout_basic, serial_shops,
          nicolae_shop_competitors_out_of_business,
          hellmonk_ecumenical_altar_heavens_door
D:2:      layout_basic, st_stairs_1, grunt_ministairs_14, minmay_misc_feat_tiny,
          roderic_serpentine_path
D:3:      layout_basic, slow_altar_2
D:4:      old_forge, layout_basic, mainiacjoe_overflow_small_starburst,
          minmay_temple_entry_statues, minivault_23
D:5:      layout_gridville, serial_shops, nicolae_shop_advertising_works
          [nicolae_subvault_shop_adworks], minmay_misc_feat_more_columns,
          minmay_chambers_of_fives
Temple:   compressed_dpeg_circular_temple

Skill      XL: |  1  2  3  4  5  6  7 |
---------------+----------------------+-----
Fighting       | 6 |  6.8
Armour         | 5 6 |  6.8
Long Blades    | 5 6 7 |  7.5
Dodging        | 3 4 |  4.2
Stealth        | 3 |  3.2
Shields        | 5 6 |  6.2

Action                     |  1- 3 |  4- 6 |  7- 9 || total
---------------------------+-------+-------+-------++-------
  Melee: Long sword        |    51 |   159 |    74 ||   284
         Headbutt          |     9 |    23 |    21 ||    53
    Use: Potion            |     2 |       |     2 ||     4
         Scroll            |       |     8 |       ||     8
   Stab: Held in net/web   |       |     1 |       ||     1
 Armour: Scale mail        |    31 |    26 |       ||    57
         Chain mail        |       |    68 |    41 ||   109
  Dodge: Dodged            |    24 |    61 |    35 ||   120
  Block: Buckler           |    11 |    52 |    18 ||    81
